 Dungeon Crawl Stone Soup version 0.31-a0-691-g409c26aa35 (webtiles) character file.

Game seed: 1614604522966509636

3296 qw the Skirmisher (level 10, 0/64 HPs)
             Began as a Gargoyle Hunter on Sept 6, 2023.
             Was a Believer of Okawaru.
             Slain by a cane toad (2 damage)
             ... on level 1 of the Lair of Beasts.
             The game lasted 00:03:02 (6430 turns).

qw the Skirmisher (Gargoyle Hunter)                 Turns: 6430, Time: 00:03:02

Health: 0/64       AC: 16    Str: 15    XL:     10   Next: 1%
Magic:  12/13      EV: 21    Int: 10    God:    Okawaru [**....]
Gold:   367        SH:  0    Dex: 17    Spells: 9/9 levels left

rFire   . . .        Y - +1 shortbow
rCold   + . .        (shield currently unavailable)
rNeg    + . .        m - +3 leather armour {rC+}
rPois   inf          d - +1 helmet
rElec   +            (no cloak)
rCorr   .            (no gloves)
SInv    .            (no boots)
Will    .....        g - amulet of faith
Stlth   +++          e - +5 ring of evasion
HPRegen 0.30/turn    (no ring)
MPRegen 0.13/turn

%: faith
@: heroic
A: sickness immunity, AC +7, negative energy resistance 1, electricity
resistance, torment resistance 1, petrification resistance, fangs 1
a: Renounce Religion, Heroism


You were on level 1 of the Lair of Beasts.
You worshipped Okawaru.
Okawaru was pleased with you.
You visited 3 branches of the dungeon, and saw 10 of its levels.

You collected 419 gold pieces.
You spent 52 gold pieces at shops.


Innate Abilities, Weirdness & Mutations

You are immune to sickness and miasma.
Your stone body is resilient. (AC +7)
You are immune to poison.
You resist negative energy. (rN+)
You are resistant to electric shocks. (rElec)
You are resistant to unholy torment.
You are immune to petrification.
You have very sharp teeth.


   Skills:
 - Level 8.0(13.0) Fighting
 + Level 11.0(16.0) Ranged Weapons
 - Level 2.0(7.0) Armour
 - Level 3.1(8.1) Dodging
 - Level 1.1(6.1) Stealth
 - Level 4.6 Invocations


You had 9 spell levels left.
You didn't know any spells.
Your spell library was empty.

Inventory:

Hand Weapons
 Y - a +1 shortbow (weapon)
Armour
 d - a +1 helmet (worn)
 m - a +3 leather armour of cold resistance (worn)
Jewellery
 c - a ring of fire
 e - a +5 ring of evasion (left hand)
 g - an amulet of faith (around neck)
 l - a ring of ice
Wands
 i - a wand of digging (6)
Scrolls
 a - 6 scrolls of identify
Potions
 f - 4 potions of haste
 j - a potion of curing
 k - 3 potions of might

Dungeon Overview and Level Annotations

Branches:
Dungeon (8/15)             Temple (1/1) D:6            Lair (1/5) D:8

Altars:
Ashenzari
Cheibriados
Dithmenos
Elyvilon
Fedhas
Gozag
Hepliaklqana
Kikubaaqudgha
Makhleb
Nemelex Xobeh
Okawaru
Qazlal
Ru
Sif Muna
Trog
Uskayaw
Vehumet
Wu Jian
Xom
Yredelemnul
Zin
The Shining One

Shops:
D:1 !   D:3 :   D:4 =[([[   D:5 :

Annotations:
D:8 1 runed translucent door


Message History

The yak closely misses you. The bullfrog hits you.
6425 |||
Found retreat position at -1,1 (fungus; floor) with 0 blocking monsters and 3 monsters attacking at destination at distance 1 You shoot an arrow.
The arrow closely misses the cane toad.
The water moccasin closely misses you. The cane toad misses you.
The cane toad completely misses you. The wyvern misses you.
The bullfrog completely misses you. The yak gores you but does no damage.
The komodo dragon misses you. The water moccasin closely misses you.
6426 |||
Found retreat position at -1,1 (fungus; floor) with 0 blocking monsters and 3 monsters attacking at destination at distance 1 You shoot an arrow.
The arrow hits the cane toad but does no damage.
The cane toad is heavily wounded.
The wyvern bites you. The cane toad closely misses you.
The cane toad completely misses you. The bullfrog barely misses you.
The water moccasin barely misses you. The yak barely misses you.
The komodo dragon completely misses you.
6427 |||
Found retreat position at -1,1 (fungus; floor) with 0 blocking monsters and 3 monsters attacking at destination at distance 1 You shoot an arrow.
The arrow closely misses the cane toad.
The bullfrog misses you. The cane toad stings you!
The cane toad stings you but does no damage.
The water moccasin misses you.
6428 |||
Found retreat position at -1,1 (fungus; floor) with 0 blocking monsters and 3 monsters attacking at destination at distance 1 You shoot an arrow.
The arrow hits the cane toad.
The cane toad is heavily wounded.
The bullfrog completely misses you. The cane toad barely misses you.
The cane toad misses you. The yak barely misses you.
The komodo dragon bites you but does no damage.
The komodo dragon closely misses you. The water moccasin barely misses you.
6429 |||
Found retreat position at -1,1 (fungus; floor) with 0 blocking monsters and 3 monsters attacking at destination at distance 1 You shoot an arrow.
The arrow hits the cane toad.
The cane toad is severely wounded.
The bullfrog barely misses you. The cane toad closely misses you.
The cane toad stings you but does no damage.
The yak gores you but does no damage. The komodo dragon bites you.
The water moccasin misses you. The komodo dragon misses you.
The bullfrog barely misses you.
6430 |||
Found retreat position at -1,1 (fungus; floor) with 0 blocking monsters and 3 monsters attacking at destination at distance 1 You shoot an arrow.
The arrow hits the cane toad!
The cane toad is almost dead.
The cane toad misses you. The cane toad stings you.
You die... ^P

....# .....
....=#
#>....###
#....FY#
#.FlYY####.##
#YlFF.>...#
#...#....#
#.####....#
#. #.... .#


You could see 2 komodo dragons, 5 yaks, 2 cane toads, 2 water moccasins, a
wyvern and 3 bullfrogs.

Vanquished Creatures
  Maggie (D:8)
  A cane toad (Lair:1)
  A yak (D:8)
  A steam dragon (D:8)
  A water moccasin (D:5)
  2 orc warriors (D:8)
  A sky beast (D:8)
  4 black bears
  An ice beast (D:5)
  2 ogres
  6 bullfrogs
  3 scorpions
  4 wights (D:8)
  A howler monkey (D:6)
  4 jellies
  2 gnoll boudas
  2 orc priests
  2 iguanas
  2 orc wizards (D:6)
  Robin (D:4)
  6 gnolls
  6 adders
  3 shadow imps
  2 ufetubi
  2 worms
  18 orcs
  8 ball pythons
  5 bats
  6 endoplasms
  A giant cockroach (D:1)
  14 goblins
  6 hobgoblins
  9 jackals
  5 kobolds
  A quokka (D:1)
  7 frilled lizards
  4 rats
145 creatures vanquished.

Notes
Turn   | Place    | Note
-------+----------+-------------------------------------------
     0 | D:1      | qw the Gargoyle Hunter began the quest for the Orb.
     0 | D:1      | Reached XP level 1. HP: 12/12 MP: 1/1
     0 | D:1      | 0 ||| qw: Version: 0.3-a-76-g4403597
     0 | D:1      | 0 ||| qw: Game counter: 3
     0 | D:1      | 0 ||| qw: Melee chars always use a shield: true
     0 | D:1      | 0 ||| qw: God list: Okawaru
     0 | D:1      | 0 ||| qw: Allow faded altars: false
     0 | D:1      | 0 ||| qw: Do Orc after clearing Dungeon:15 true
     0 | D:1      | 0 ||| qw: Do second Lair branch before Depths: true
     0 | D:1      | 0 ||| qw: Lair rune preference: random
     0 | D:1      | 0 ||| qw: Goals: Normal
     0 | D:1      | 0 ||| PLANNING D:1-11
    87 | D:1      | Found Pujo's Distillery.
    97 | D:1      | 97 ||| SHOPLISTING potion of curing (39 gold, have 0).
    97 | D:1      | 97 ||| SHOPLISTING potion of enlightenment (65 gold, have
                  | 0).
    97 | D:1      | 97 ||| SHOPLISTING potion of haste (130 gold, have 0).
    97 | D:1      | 97 ||| SHOPLISTING potion of might (52 gold, have 0).
    97 | D:1      | 97 ||| SHOPLISTING potion of mutation (104 gold, have 0).
   168 | D:1      | Reached XP level 2. HP: 17/17 MP: 2/2
   861 | D:1      | 861 ||| UPGRADING to amulet of guardian spirit.
   866 | D:1      | 866 ||| READING 2 scrolls labelled DONOATHOERY.
   867 | D:1      | 867 ||| READING scroll labelled LUDWOM FAKH.
   868 | D:1      | 868 ||| DROPPING scroll of butterflies.
   878 | D:2      | 878 ||| STAIRDANCE
   896 | D:2      | Reached XP level 3. HP: 16/21 MP: 0/3
   896 | D:2      | 896 ||| STAIRDANCE
   978 | D:2      | Reached skill level 5 in Ranged Weapons
  1322 | D:2      | Reached skill level 3 in Fighting
  1444 | D:2      | 1444 ||| UPGRADING to amulet of faith.
  1454 | D:2      | 1454 ||| DROPPING amulet of guardian spirit.
  1455 | D:2      | 1455 ||| READING scroll labelled RYLATUICAWN.
  1456 | D:2      | 1456 ||| READING scroll labelled BIOSICUASO.
  1457 | D:2      | 1457 ||| READING scroll labelled YNTUL ZUNU.
  1506 | D:3      | Reached XP level 4. HP: 28/28 MP: 4/4
  1553 | D:3      | Found Lurobuewk's Book Shop.
  1775 | D:3      | Found a hazy altar of Hepliaklqana.
  1784 | D:3      | Found an ornate altar of the Wu Jian Council.
  1816 | D:3      | Found a faded altar of an unknown god.
  2161 | D:3      | 2161 ||| UPGRADING to +0 helmet.
  2166 | D:3      | 2166 ||| DRINKING 2 viscous sapphire potions.
  2166 | D:3      | Gained mutation: You are occasionally teleported next to
                  | monsters. [potion of mutation]
  2166 | D:3      | Gained mutation: You are dopey. (Int -2) [potion of
                  | mutation]
  2167 | D:3      | 2167 ||| DRINKING potion of mutation.
  2167 | D:3      | Lost mutation: You are dopey. (Int -2) [potion of mutation]
  2167 | D:3      | Lost mutation: You are occasionally teleported next to
                  | monsters. [potion of mutation]
  2167 | D:3      | Gained mutation: You have very sharp teeth. [potion of
                  | mutation]
  2168 | D:3      | 2168 ||| READING 2 scrolls of identify.
  2168 | D:3      | 2168 ||| IDENTIFYING ruby potion
  2216 | D:4      | Found Amay's Armour Emporium.
  2222 | D:4      | 2222 ||| BUYING +0 ring mail (52 gold).
  2222 | D:4      | Bought a +0 ring mail for 52 gold pieces
  2222 | D:4      | 2222 ||| SHOPLISTING +1 leather armour of cold resistance
                  | (182 gold, have 50).
  2222 | D:4      | 2222 ||| SHOPLISTING +2 robe of willpower (230 gold, have
                  | 50).
  2250 | D:4      | Noticed an ogre
  2258 | D:4      | Killed an ogre
  2259 | D:4      | Reached skill level 6 in Ranged Weapons
  2259 | D:4      | Reached XP level 5. HP: 32/32 MP: 5/5
  2265 | D:4      | 2265 ||| READING scroll of enchant armour.
  2265 | D:4      | 2265 ||| ENCHANTING +0 helmet.
  2280 | D:4      | Found a snail-covered altar of Cheibriados.
  2290 | D:4      | Reached skill level 1 in Armour
  2314 | D:4      | Found Nosh's Jewellery Boutique.
  2324 | D:4      | 2324 ||| SHOPLISTING +4 ring of slaying (1092 gold, have
                  | 67).
  2324 | D:4      | 2324 ||| SHOPLISTING amulet of the acrobat (420 gold, have
                  | 67).
  2324 | D:4      | 2324 ||| SHOPLISTING ring of Kuah {rC+ Will+} (546 gold,
                  | have 67).
  2324 | D:4      | 2324 ||| SHOPLISTING ring of positive energy (280 gold,
                  | have 67).
  2324 | D:4      | 2324 ||| SHOPLISTING ring of protection from fire (350
                  | gold, have 67).
  2369 | D:4      | Found Darul's Antique Weapon Emporium.
  2372 | D:4      | Found Fykk's Antique Armour Boutique.
  2384 | D:4      | 2384 ||| SHOPLISTING embroidered hat (217 gold, have 67).
  2399 | D:4      | 2399 ||| Stepping ~*~*~tactically~*~*~ (outnumbered).
  2408 | D:4      | Reached XP level 6. HP: 28/37 MP: 6/6
  2683 | D:4      | Noticed Robin
  2699 | D:4      | Killed Robin
  2970 | D:4      | Found Sour's Armour Shoppe.
  2973 | D:4      | 2973 ||| SHOPLISTING +2 pair of slick slippers {slick,
                  | slippery, EV+4} (421 gold, have 96).
  3066 | D:4      | 3066 ||| UPGRADING to +0 ring mail.
  3076 | D:4      | 3076 ||| DROPPING +0 leather armour.
  3077 | D:4      | 3077 ||| UPGRADING to +5 ring of evasion.
  3078 | D:4      | 3078 ||| READING scroll labelled IGEIMASOICW.
  3082 | D:4      | 3082 ||| DRINKING 2 fizzy ruby potions.
  3083 | D:4      | 3083 ||| READING 2 scrolls of identify.
  3083 | D:4      | 3083 ||| IDENTIFYING purple potion
  3089 | D:5      | Entered Level 5 of the Dungeon
  3095 | D:5      | 3095 ||| STAIRDANCE
  3103 | D:5      | 3103 ||| STAIRDANCE
  3141 | D:5      | Reached skill level 7 in Ranged Weapons
  3141 | D:5      | Reached XP level 7. HP: 41/44 MP: 7/7
  3157 | D:5      | Found a shimmering blue altar of Sif Muna.
  3228 | D:5      | Found Fuxkarph's Self-Improvement Boutique.
  3397 | D:5      | Reached skill level 8 in Ranged Weapons
  3770 | D:5      | 3770 ||| READING scroll labelled UJOFUROCWO.
  3771 | D:5      | 3771 ||| DRINKING 3 green potions.
  3874 | D:6      | Reached XP level 8. HP: 46/49 MP: 8/8
  3909 | D:6      | Found a staircase to the Ecumenical Temple.
  3910 | D:6      | 3910 ||| PLANNING TEMPLE
  3910 | D:6      | 3910 ||| UPGRADING to +3 leather armour of cold resistance.
  3920 | D:6      | 3920 ||| DROPPING +0 ring mail.
  3921 | D:6      | 3921 ||| READING scroll labelled ZEDDIH DAZOC.
  3936 | Temple   | Found a transporter.
  3936 | Temple   | Found a transporter.
  3936 | Temple   | Found a transporter.
  3936 | Temple   | Found a transporter.
  3936 | Temple   | Entered the Ecumenical Temple
  3937 | Temple   | 3937 ||| PLANNING D:1-11
  3957 | Temple   | 3957 ||| PLANNING OKAWARU WORSHIP
  3959 | Temple   | Became a worshipper of Warmaster Okawaru
  3960 | Temple   | 3960 ||| PLANNING D:1-11
  4157 | D:6      | Reached skill level 9 in Ranged Weapons
  4376 | D:6      | 4376 ||| READING scroll labelled IPHOIL JIHEUSH.
  4477 | D:6      | 4477 ||| READING 5 scrolls of identify.
  4477 | D:6      | 4477 ||| IDENTIFYING yellow potion
  4478 | D:6      | 4478 ||| DROPPING potion of degeneration.
  4570 | D:7      | Reached * piety under Okawaru
  4571 | D:7      | Reached skill level 6 in Fighting
  4646 | D:7      | 4646 ||| INVOKING Heroism.
  4647 | D:7      | 4647 ||| Stepping ~*~*~tactically~*~*~ (outnumbered).
  4776 | D:7      | 4776 ||| INVOKING Heroism.
  4777 | D:7      | 4777 ||| INVOKING Heroism.
  5201 | D:7      | 5201 ||| READING scroll labelled EGOPROTHES.
  5247 | D:8      | Reached skill level 1 in Invocations
  5247 | D:8      | 5247 ||| STAIRDANCE
  5314 | D:8      | 5314 ||| INVOKING Heroism.
  5316 | D:8      | 5316 ||| INVOKING Heroism.
  5361 | D:8      | Reached skill level 10 in Ranged Weapons
  5418 | D:8      | 5418 ||| INVOKING Heroism.
  5424 | D:8      | 5424 ||| Stepping ~*~*~tactically~*~*~ (cloud).
  5426 | D:8      | 5426 ||| Stepping ~*~*~tactically~*~*~ (cloud).
  5432 | D:8      | Reached XP level 9. HP: 56/56 MP: 8/10
  5594 | D:8      | 5594 ||| INVOKING Heroism.
  5595 | D:8      | 5595 ||| INVOKING Heroism.
  5602 | D:8      | Reached skill level 3 in Invocations
  5654 | D:8      | Reached skill level 3 in Dodging
  5687 | D:8      | Noticed Maggie
  5699 | D:8      | 5699 ||| INVOKING Heroism.
  5714 | D:8      | HP: 11/56 [Maggie/bolt of fire (19)]
  5715 | D:8      | 5715 ||| READING scroll of teleportation.
  5716 | D:8      | 5716 ||| DRINKING 2 potions of heal wounds.
  5719 | D:8      | Killed Maggie
  5858 | D:8      | 5858 ||| INVOKING Heroism.
  5875 | D:8      | Reached ** piety under Okawaru
  5945 | D:8      | Found a staircase to the Lair.
  5946 | D:8      | 5946 ||| INVOKING Heroism.
  5964 | D:8      | 5964 ||| INVOKING Heroism.
  6021 | D:8      | 6021 ||| FLEEEEING.
  6023 | D:8      | 6023 ||| FLEEEEING.
  6024 | D:8      | 6024 ||| FLEEEEING.
  6025 | D:8      | 6025 ||| FLEEEEING.
  6026 | D:8      | 6026 ||| FLEEEEING.
  6027 | D:8      | 6027 ||| FLEEEEING.
  6028 | D:8      | 6028 ||| FLEEEEING.
  6032 | D:8      | 6032 ||| FLEEEEING.
  6033 | D:8      | 6033 ||| FLEEEEING.
  6034 | D:8      | 6034 ||| FLEEEEING.
  6037 | D:8      | 6037 ||| STAIRDANCE
  6072 | D:8      | 6072 ||| INVOKING Heroism.
  6147 | D:8      | Found a runed translucent door.
  6221 | D:8      | Found a bloodstained altar of Trog.
  6241 | D:8      | Reached skill level 11 in Ranged Weapons
  6362 | D:8      | 6362 ||| PLANNING LAIR
  6403 | Lair:1   | Entered Level 1 of the Lair of Beasts
  6403 | Lair:1   | Noticed a cane toad
  6403 | Lair:1   | Noticed a komodo dragon
  6404 | Lair:1   | 6404 ||| RETREATING.
  6404 | Lair:1   | Noticed a cane toad
  6405 | Lair:1   | Noticed a cane toad
  6406 | Lair:1   | 6406 ||| INVOKING Heroism.
  6413 | Lair:1   | Noticed a komodo dragon
  6416 | Lair:1   | HP: 12/57 [cane toad (16)]
  6417 | Lair:1   | 6417 ||| DRINKING 2 potions of heal wounds.
  6418 | Lair:1   | Killed a cane toad
  6419 | Lair:1   | Reached XP level 10. HP: 29/64 MP: 11/13
  6420 | Lair:1   | 6420 ||| DRINKING potion of heal wounds.
  6426 | Lair:1   | HP: 11/64 [wyvern (6)]
  6427 | Lair:1   | HP: 2/64 [cane toad (9)]
  6430 | Lair:1   | Slain by a cane toad

Levels and vault maps discovered:
D:1:      psy_arrival_radial02, layout_loops_ring, serial_shops,
          nicolae_lakefront_shop
D:2:      layout_basic
D:3:      layout_basic, mainiacjoe_overflow_swirl,
          hellmonk_ecumenical_altar_blasted, serial_shops,
          nicolae_shop_competitors_out_of_business, skrybe_limestone_x,
          minmay_misc_feat_square, minmay_misc_feat_plants, glass_columns_a,
          minmay_misc_feat_four_crosses
D:4:      layout_basic, mainiacjoe_overflow_paths, serial_shops, shop,
          nicolae_shop_dealshenge, nicolae_shop_behind_doors, shop,
          nicolae_shop_gaudy_bauble, uniq_robin
D:5:      layout_cave_pools, lemuel_round_altar, nicolae_shop_self_help
D:6:      layout_cave_pools, temple_fountains
D:7:      layout_basic
D:8:      layout_rooms, trog_three_pillars_becter,
          grunt_lair_entry_orc_guard_hut, lightli_church_of_beogh, uniq_maggie
Temple:   hellmonk_temple_divided_pantheon
Lair:1:   layout_hall_layers, nzn_masters_of_martial_movement

Skill      XL: |  1  2  3  4  5  6  7  8  9 |
---------------+----------------------------+-----
Ranged Weapons | 5 6 7 8 10 11 | 11.0
Fighting       | 3 4 5 6 8 |  8.0
Armour         | 1 2 |  2.0
Dodging        | 2 3 |  3.1
Invocations    | 2 4 |  4.6
Stealth        | |  1.1

Action                     |  1- 3 |  4- 6 |  7- 9 | 10-12 || total
---------------------------+-------+-------+-------+-------++-------
   Fire: Shortbow          |   111 |   214 |   420 |    11 ||   756
 Invoke: Heroism           |       |       |    11 |       ||    11
    Use: Scroll            |     5 |     4 |     6 |       ||    15
         Potion            |       |     3 |     3 |     1 ||     7
 Armour: Leather armour    |    42 |    79 |    83 |    23 ||   227
         Ring mail         |       |    26 |    55 |       ||    81
  Dodge: Dodged            |    29 |   159 |   231 |    53 ||   472

Table legend:
 A = Non-vault XP
 B = Vault XP
 C = Vault XP percentage of total XP
 D = Non-vault monster count
 E = Vault monster count
 F = Vault count percentage of total count
                 A         B        C        D         E       F
            +---------+---------+-------+---------+---------+-------
      Total |    3543 |    1166 |  24.8 |     128 |      17 |  11.7
            +---------+---------+-------+---------+---------+-------
        D:1 |      24 |       0 |   0.0 |      15 |       0 |   0.0
        D:2 |      52 |       0 |   0.0 |      18 |       0 |   0.0
        D:3 |      53 |       0 |   0.0 |      18 |       0 |   0.0
        D:4 |     391 |      35 |   8.2 |      22 |      11 |  33.3
        D:5 |     514 |       0 |   0.0 |      12 |       0 |   0.0
        D:6 |     590 |       0 |   0.0 |      14 |       0 |   0.0
        D:7 |     399 |       0 |   0.0 |      14 |       0 |   0.0
        D:8 |    1087 |    1131 |  51.0 |      14 |       6 |  30.0
     Lair:1 |     433 |       0 |   0.0 |       1 |       0 |   0.0
            +---------+---------+-------+---------+---------+-------
